 Dungeon Crawl Stone Soup version 0.29-a0-214-g17f627cfee (webtiles) character file.

Game seed: 2381430532209645202

116745 drugrobin the Fencer (level 15, -2/128 HPs)
             Began as a Demigod Fighter on Feb 24, 2022.
             Killed from afar by Arachne (20 damage)
             ... with a poison arrow
             ... on level 3 of the Spider Nest.
             The game lasted 02:14:17 (30292 turns).

drugrobin the Fencer (Demigod Fighter)             Turns: 30292, Time: 02:14:17

Health: -2/128     AC: 29    Str: 21    XL:     15   Next: 74%
Magic:  23/23      EV:  9    Int: 18    God:
Gold:   616        SH:  0    Dex: 21    Spells: 12/20 levels left

rFire   . . .      SeeInvis .   a - +8 triple sword (elec)
rCold   . . .      Faith    .   (shield currently unavailable)
rNeg    . . .      Spirit   .   G - +0 scale mail {rPois}
rPois   +          Reflect  .   M - +2 helmet
rElec   .          Harm     .   W - +2 cloak
rCorr   .          Rampage  .   R - +2 pair of gloves {hurl}
Will    +....                   P - +2 pair of boots {Fly}
Stlth   +.........              x - amulet of regeneration
HPRegen 1.11/turn               n - +4 ring of slaying
MPRegen 0.18/turn               S - ring of the Tortoise {AC+8}

@: lethally poisoned (-2 -> -5), flying
A: high MP 1, forlorn, divine attributes
a: no special abilities


You were on level 3 of the Spider Nest.
You visited 5 branches of the dungeon, and saw 25 of its levels.
You visited the Abyss 1 time.

You collected 2022 gold pieces.
You spent 1406 gold pieces at shops.

Inventory:

Hand Weapons
 a - a +8 triple sword of electrocution (weapon)
 b - the +8 rapier "Dimaheod" {vamp, rPois Str+4 Int-2}
   (You found it on level 6 of the Lair of Beasts)

   It occasionally heals its wielder for a portion of the damage dealt when it
   wounds a living foe.
   Str:       It affects your strength (+4).
   Int:       It affects your intelligence (-2).
   rPois:     It protects you from poison.
 c - a +0 short sword of venom
 d - a +2 short sword of draining
 e - a +6 short sword of holy wrath
Missiles
 f - 9 boomerangs (quivered)
 y - 27 poisoned darts
 V - 2 javelins
Armour
 o - a +2 chain mail of willpower
 G - a +0 scale mail of poison resistance (worn)
 M - a +2 helmet (worn)
 P - a +2 pair of boots of flying (worn)
 R - a +2 pair of gloves of hurling (worn)
 W - a +2 cloak (worn)
Jewellery
 i - a ring of see invisible
 m - a ring of ice
 n - a +4 ring of slaying (left hand)
 s - a +6 ring of strength
 x - an amulet of regeneration (around neck)
 z - a ring of resist corrosion
 E - a ring of poison resistance
 I - a +6 ring of dexterity
 S - the ring of the Tortoise (right hand) {AC+8}
   (You found it on level 8 of the Dungeon)

   [ring of protection]

   AC:        It affects your AC (+8).
 T - a ring of ice
Wands
 p - a wand of flame (4)
 r - a wand of digging (9)
 t - a wand of paralysis (8)
 B - a wand of iceblast (16)
 D - a wand of acid (15)
 F - a wand of polymorph (4)
 K - a wand of charming (3)
Scrolls
 j - 7 scrolls of teleportation
 q - 2 scrolls of magic mapping
 u - 4 scrolls of identify
 v - a scroll of blinking
 A - a scroll of fog
Potions
 g - a potion of berserk rage
 h - a potion of invisibility
 k - 7 potions of curing
 l - 5 potions of brilliance
 C - 3 potions of haste
 J - 2 potions of ambrosia
 L - 3 potions of lignification
 O - 2 potions of cancellation
 Q - a potion of resistance
 X - 4 potions of might
 Z - 2 potions of magic
Miscellaneous
 H - a lightning rod (3/4)


   Skills:
 - Level 10.9 Fighting
 + Level 19.9 Long Blades
 - Level 7.8 Armour
 - Level 2.0 Stealth
 - Level 2.6 Shields
 - Level 3.0 Spellcasting
 - Level 3.0 Conjurations
 * Level 10.3 Necromancy
 - Level 7.4 Evocations


You had 12 spell levels left.
You knew the following spells:

 Your Spells              Type           Power      Damage    Failure   Level
a - Mephitic Cloud        Conj/Pois/Air  6%         N/A       61%         3
b - Animate Skeleton      Necr           78%        N/A       1%          1
c - Vampiric Draining     Necr           39%        2d8       1%          3
q - Apportation           Tloc           4%         N/A       36%         1

Your spell library contained the following spells:

 Spells                   Type           Power      Damage    Failure   Level
 Pain                     Necr           100%       1d9       1%          1
 Dispel Undead            Necr           39%        3d16      6%          4
 Magic Dart               Conj           52%        1d5       12%         1
 Static Discharge         Conj/Air       8%         N/A       32%         2
 Sting                    Tmut/Pois      8%         1d3       36%         1
 Summon Small Mammal      Summ           8%         N/A       36%         1
 Call Imp                 Summ           2%         N/A       52%         2
 Poisonous Vapours        Pois/Air       4%         N/A       52%         2
 Confusing Touch          Hex            2%         N/A       75%         3
 Frozen Ramparts          Ice            4%         1d2       75%         3
 Gell's Gravitas          Tloc           2%         N/A       75%         3
 Teleport Other           Tloc           2%         N/A       75%         3
 Sticky Flame             Conj/Fire      8%         2d3       91%         4
 Iskenderun's Battlesphe  Conj           13%        2d7       97%         5
 Ice Form                 Ice/Tmut       2%         N/A       98%         4
 Olgreb's Toxic Radiance  Pois           2%         N/A       98%         4
 Summon Ice Beast         Ice/Summ       2%         N/A       98%         4
 Fireball                 Conj/Fire      4%         3d4       99%         5
 Lightning Bolt           Conj/Air       4%         1d15      99%         5
 Alistair's Intoxication  Tmut/Pois      1%         N/A       100%        5
 Yara's Violent Unravell  Hex/Tmut       1%         3d3       100%        5
 Conjure Ball Lightning   Conj/Air       4%         3x3d6     100%        6
 Dispersal                Tloc           1%         N/A       100%        6
 Enfeeble                 Hex            1%         N/A       100%        7
 Orb of Destruction       Conj           6%         9d6       100%        7
 Maxwell's Capacitive Co  Air            1%         ∞         100%        8


Dungeon Overview and Level Annotations

Branches:
Dungeon (12/15)            Temple (0/1) D:5            Lair (6/6) D:11
 Shoals (0/4) Lair:3       Spider (3/4) Lair:3        Slime (0/5) Lair:5
    Orc (2/2) D:9             Elf (2/3) Orc:2

Shops:
D:6 **   D:9 (**   Orc:1 [   Orc:2 =::!**[   Elf:1 (

Annotations:
D:4 Dowan, Duvessa
D:9 Harold
Spider:3 Arachne


Innate Abilities, Weirdness & Mutations

You have an increased reservoir of magic. (+10% MP)
You shall have no god before yourself.
Your divine heritage dramatically boosts your attributes as you level up.


Message History

* * * LOW HITPOINT WARNING * * *
The redback barely misses you.
Unknown command.
Unknown command.
Unknown command.
Unknown command.
Unknown command.
Unknown command.
You closely miss Arachne.
Arachne is almost dead.
You feel very sick.
Arachne's staff shoots out a stream of webbing.
The stream of webbing hits you but does no damage.
You are caught in a web!
The redback barely misses you.
Arachne hits you with a staff of poison!
* * * LOW HITPOINT WARNING * * *
Arachne envenoms you.
* * * LOW HITPOINT WARNING * * *
Unknown command.
Unknown command.
Unknown command.
Unknown command.
Unknown command.
Unknown command.
Unknown command.
Blink to where?
Press: ? - help, Dir - move target, p - Arachne
As you read the scroll of blinking, it crumbles to dust.
* * * LOW HITPOINT WARNING * * *
You feel very sick.
You feel better.
Aiming: Iceblast
Press: ? - help, Shift-Dir - straight line The mass of ice explodes!
The iceblast engulfs Arachne!!
Arachne is almost dead.
Arachne casts a spell at you. The poison arrow hits you!!
You are poisoned.
You partially resist.
You die...

#....# ###### ###...#
####....# ###.#^^##
#.......# #...^..#
#...#...## ##....###
##†§###.(###
#....#######H....##Hs..
#...##...........#.....
##..........s....##...#
##...@####^......#..§#
#.^### ##......#...#
#### #.....^#..##
###########


You could see Arachne and a redback.

Vanquished Creatures
  A lich (Abyss:2)
  A tentacled starspawn (Abyss:2)
  An emperor scorpion (Spider:2)
  2 ghost moths (Spider:2)
  The ghost of Wanecan the Carver, a journeyman HuBe of Trog (Lair:5)
  An entropy weaver (Spider:1)
  A deep elf death mage (Elf:1)
  Josephine (D:11)
  A rakshasa (Abyss:2)
  6 boulder beetles
  6 hydras
  Fannar (Lair:1)
  A radroach (Spider:1)
  3 catoblepae
  A merfolk avatar (Lair:6)
  2 jorogumos (Spider:1)
  Amaemon (Lair:1)
  2 two-headed ogres
  8 dancing weapons (Elf:1)
  2 death yaks (Lair:2)
  5 orc high priests (Orc:2)
  Nergalle (Lair:1)
  3 deep elf knights (Elf:1)
  A fire crab (Lair:5)
  A sun moth (Spider:1)
  3 pharaoh ants
  A sea snake (Lair:6)
  A steelbarb worm (Spider:2)
  5 deep elf archers (Elf:1)
  4 orb spiders
  8 orc knights
  10 deep elf pyromancers
  6 deep elf zephyrmancers
  8 wolf spiders
  An ugly thing (D:12)
  2 cyclopes
  20 elephants
  5 black mambas
  An unseen horror (D:11)
  31 cane toads
  4 torpor snails
  An orange demon (Lair:1)
  14 komodo dragons
  Maggie (D:10)
  5 rime drakes
  6 demonic crawlers
  A freezing wraith (D:12)
  3 trolls
  7 polar bears
  9 meliai
  A hornet (D:8)
  Grinder (D:3)
  3 tarantellas
  14 blink frogs
  A dream sheep (Lair:2)
  3 snapping turtles
  A meliai zombie (D:11)
  14 jumping spiders
  5 culicivoras
  2 shadows
  5 wraiths (D:11)
  10 wyverns
  2 water elementals (Elf:1)
  4 air elementals (Elf:1)
  54 yaks
  4 basilisks
  2 fire elementals (Elf:1)
  24 redbacks
  4 steam dragons
  2 wargs (Orc:2)
  A sky beast (D:8)
  19 water moccasins
  26 orc warriors
  2 ice beasts
  A black bear (D:7)
  2 necrophages (D:6)
  18 wolves
  An ogre (Orc:2)
  A centaur (D:6)
  A phantom (D:6)
  2 kobold brigands
  8 bullfrogs
  2 earth elementals (Elf:1)
  4 scorpions
  2 wyvern skeletons
  5 killer bees (D:10)
  10 wights
  2 electric eels (Spider:1)
  2 howler monkeys (D:7)
  5 centaur zombies
  2 hounds
  A jelly (D:5)
  24 orc priests
  2 gnoll shamans
  2 centaur skeletons
  3 iguanas
  Ijyb (D:4)
  11 orc wizards
  6 hell rats (Lair:6)
  A killer bee zombie (D:8)
  A howler monkey zombie (D:7)
  14 gnolls
  7 adders
  A shadow imp (D:6)
  3 white imps
  An ufetubus (D:5)
  An adder skeleton (D:4)
  2 dart slugs (D:2)
  60 orcs
  11 ball pythons
  5 bats
  4 endoplasms
  5 goblins
  11 hobgoblins
  6 jackals
  13 kobolds
  A quokka (D:5)
  3 frilled lizards
  3 rats
686 creatures vanquished.

Vanquished Creatures (collateral kills)
  5 wolves (Lair:2)
5 creatures vanquished.

Vanquished Creatures (others)
  A deep elf knight (Elf:1)
  63 fungi
  82 plants
146 creatures vanquished.

Grand Total: 837 creatures vanquished

Notes
Turn   | Place    | Note
-------+----------+-------------------------------------------
     0 | D:1      | drugrobin the Demigod Fighter began the quest for the Orb.
     0 | D:1      | Reached XP level 1. HP: 18/18 MP: 3/3
    56 | D:1      | Reached skill level 2 in Long Blades
   492 | D:1      | Reached XP level 2. HP: 24/25 MP: 4/4
  1126 | D:2      | Reached skill level 3 in Long Blades
  1141 | D:2      | Reached XP level 3. HP: 23/30 MP: 5/5
  2050 | D:2      | Reached skill level 4 in Long Blades
  2050 | D:2      | Reached XP level 4. HP: 24/37 MP: 6/6
  2627 | D:3      | Noticed Grinder
  3134 | D:3      | Reached skill level 5 in Long Blades
  3135 | D:3      | Reached XP level 5. HP: 36/42 MP: 7/7
  4297 | D:4      | Noticed a water moccasin
  4302 | D:4      | Killed a water moccasin
  4303 | D:4      | Reached skill level 6 in Long Blades
  4303 | D:4      | Reached XP level 6. HP: 50/50 MP: 8/8
  4583 | D:4      | Noticed Ijyb
  4730 | D:4      | Noticed Dowan
  4739 | D:5      | Entered Level 5 of the Dungeon
  5230 | D:4      | Noticed Duvessa
  5594 | D:5      | Found a staircase to the Ecumenical Temple.
  5707 | D:5      | Reached skill level 7 in Long Blades
  6424 | D:3      | Paralysed by Grinder for 3 turns
  6613 | D:3      | Killed Grinder
  6614 | D:3      | Reached XP level 7. HP: 25/56 MP: 9/9
  6795 | D:4      | Reached skill level 8 in Long Blades
  6925 | D:4      | Killed Ijyb
  7144 | D:6      | Noticed a steam dragon
  7587 | D:6      | Killed a steam dragon
  7588 | D:6      | Reached skill level 9 in Long Blades
  7588 | D:6      | Reached XP level 8. HP: 52/66 MP: 10/10
  7903 | D:6      | Reached skill level 10 in Long Blades
  7962 | D:6      | Found Ipriuvos's Specific Store.
  7968 | D:6      | Found Fooneije's General Store.
  7972 | D:6      | Bought a +2 pair of boots of flying for 236 gold pieces
  7972 | D:6      | Bought a +0 pair of gloves for 49 gold pieces
  7972 | D:6      | Bought a wand of iceblast (5) for 99 gold pieces
  8158 | D:7      | Reached skill level 5 in Fighting
  8196 | D:6      | Reached XP level 9. HP: 55/74 MP: 11/11
  8331 | D:7      | Reached skill level 11 in Long Blades
  8741 | D:7      | Noticed a six-headed hydra
  8828 | D:7      | Identified the +5 glaive "Paox" {drain, Will- rCorr Dex+6
                  | SInv}
  9302 | D:8      | Found the ring of the Tortoise {AC+8}
  9857 | D:8      | Reached skill level 1 in Stealth
 10302 | D:9      | Reached skill level 12 in Long Blades
 10366 | D:9      | Noticed a two-headed ogre
 10457 | D:8      | Killed a two-headed ogre
 10458 | D:8      | Reached XP level 10. HP: 55/86 MP: 13/13
 10581 | D:9      | Found Qasteg Bapsy's General Store.
 10784 | D:9      | Noticed Harold
 10857 | D:9      | Found Vauwniph's Assorted Antiques.
 10865 | D:9      | Bought a sapphire ring for 100 gold pieces
 10898 | D:9      | Found Ajyuviss's Antique Weapon Shop.
 11011 | D:9      | Bought a scroll of identify for 24 gold pieces
 11634 | D:9      | Found a staircase to the Orcish Mines.
 11656 | Orc:1    | Entered Level 1 of the Orcish Mines
 11657 | Orc:1    | Found Jant's Armour Shoppe.
 11755 | D:9      | Bought a potion of berserk rage for 60 gold pieces
 11938 | D:10     | Entered Level 10 of the Dungeon
 12059 | D:10     | Reached skill level 13 in Long Blades
 12715 | D:10     | Reached skill level 1 in Evocations
 12904 | D:10     | Noticed a boulder beetle
 12923 | D:10     | Killed a boulder beetle
 13006 | D:10     | Noticed Maggie
 13013 | D:10     | Killed Maggie
 13739 | D:11     | Reached XP level 11. HP: 90/95 MP: 14/14
 13840 | D:11     | Noticed Josephine
 14019 | D:12     | Noticed a deep elf archer
 14346 | D:11     | Found a staircase to the Lair.
 14649 | D:11     | Noticed a boulder beetle
 14661 | D:11     | Killed a boulder beetle
 14796 | D:12     | Noticed a five-headed hydra
 14931 | D:12     | Reached skill level 14 in Long Blades
 14963 | D:12     | Noticed a two-headed ogre
 15002 | D:12     | Killed a two-headed ogre
 15115 | D:12     | Noticed a tengu warrior
 15132 | D:11     | Killed Josephine
 15137 | D:11     | Reached skill level 5 in Armour
 15207 | Lair:1   | Entered Level 1 of the Lair of Beasts
 15308 | Lair:1   | Reached skill level 1 in Spellcasting
 15362 | Lair:1   | Noticed Fannar
 15508 | Lair:1   | Killed Fannar
 15564 | Lair:1   | Reached skill level 5 in Evocations
 15586 | Lair:1   | Noticed Nergalle
 15907 | Lair:2   | Noticed a boulder beetle
 15918 | Lair:2   | Killed a boulder beetle
 15919 | Lair:2   | Reached XP level 12. HP: 106/106 MP: 17/19
 16058 | Lair:2   | Reached skill level 10 in Fighting
 17528 | Lair:3   | Found a staircase to the Shoals.
 17532 | Lair:3   | Identified a scroll of acquirement
 17532 | Lair:3   | Acquired a +6 triple sword of protection
 17673 | Lair:3   | Found a hole to the Spider Nest.
 17811 | Lair:3   | Noticed an eight-headed hydra
 17818 | Lair:3   | Killed an eight-headed hydra
 18207 | Lair:4   | Noticed a catoblepas
 18227 | Lair:4   | Killed a catoblepas
 18228 | Lair:4   | Reached XP level 13. HP: 112/115 MP: 21/21
 18447 | Lair:4   | Reached skill level 15 in Long Blades
 19245 | Lair:5   | Reached skill level 16 in Long Blades
 19308 | Lair:5   | Found a transporter.
 19350 | Lair:5   | Noticed Wanecan's ghost (journeyman HuBe)
 19580 | Lair:5   | Found a transporter.
 19770 | Lair:5   | Found a staircase to the Slime Pits.
 20061 | Lair:5   | Killed Wanecan's ghost
 20069 | Lair:5   | Identified the +2 plate armour of Decompression {rF++}
 20215 | Lair:6   | Entered Level 6 of the Lair of Beasts
 20589 | Lair:6   | Learned a level 3 spell: Mephitic Cloud
 20623 | Lair:6   | Reached skill level 17 in Long Blades
 21139 | Lair:6   | Reached XP level 14. HP: 122/122 MP: 22/22
 21475 | Lair:6   | Reached skill level 18 in Long Blades
 21654 | Lair:6   | Identified the +8 rapier "Dimaheod" {vamp, rPois Str+4
                  | Int-2}
 22106 | Lair:5   | Reached skill level 1 in Conjurations
 22335 | Lair:1   | Noticed Amaemon
 22511 | Lair:1   | Killed Amaemon
 22603 | Lair:1   | Killed Nergalle
 23066 | Orc:1    | Bought a +2 chain mail of willpower for 344 gold pieces
 23084 | Orc:2    | Entered Level 2 of the Orcish Mines
 23145 | Orc:2    | Found Parchiuj's Book Shoppe.
 23186 | Orc:2    | Found a staircase to the Elven Halls.
 23193 | Orc:2    | Found Xyismul's Book Shoppe.
 23733 | Orc:2    | Learned a level 1 spell: Animate Skeleton
 23938 | Orc:2    | Reached skill level 1 in Necromancy
 24358 | Orc:2    | Found Ziehog's Jewellery Shop.
 24366 | Orc:2    | Bought a ring of see invisible for 255 gold pieces
 24706 | Orc:2    | Found Biklos's Distillery.
 24709 | Orc:2    | Found Biet's Assorted Antiques.
 24711 | Orc:2    | Found Hiuxut's Antique Armour Shoppe.
 24712 | Orc:2    | Found Zantowui's General Store.
 24717 | Orc:2    | Bought a knobbly diamond ring for 125 gold pieces
 24718 | Orc:2    | Bought a scroll of teleportation for 75 gold pieces
 24721 | Orc:2    | Bought a scroll of teleportation for 39 gold pieces
 24785 | Elf:1    | Entered Level 1 of the Elven Halls
 24803 | Elf:1    | Reached skill level 19 in Long Blades
 25000 | Elf:1    | Paralysed by an air elemental for 1 turns
 25003 | Elf:1    | Paralysed by an air elemental for 1 turns
 25040 | Elf:1    | Found Robawo Feish's Weapon Shop.
 25062 | Elf:1    | Reached skill level 5 in Necromancy
 25075 | Elf:1    | Cast into level 2 of the Abyss (+5 scimitar of distortion)
 25220 | Abyss:2  | Noticed a lich
 25228 | Abyss:2  | Killed a lich
 25233 | Abyss:2  | Noticed a tentacled starspawn
 25240 | Abyss:2  | Killed a tentacled starspawn
 25376 | Elf:1    | Escaped the Abyss
 25411 | Elf:1    | Paralysed by an air elemental for 1 turns
 25457 | Elf:1    | HP: 2/122 [deep elf zephyrmancer/bolt of lightning (30)]
 25548 | Elf:1    | Reached XP level 15. HP: 72/128 MP: 23/23
 26017 | Elf:1    | Paralysed by an air elemental for 1 turns
 26949 | Spider:1 | Entered Level 1 of the Spider Nest
 26968 | Spider:1 | Learned a level 3 spell: Vampiric Draining
 29032 | Spider:2 | Learned a level 1 spell: Apportation
 29602 | Spider:2 | Reached skill level 10 in Necromancy
 30256 | Spider:3 | Noticed Arachne
 30289 | Spider:3 | HP: 4/128 [poisoned by Arachne (bolt of poison)]
 30292 | Spider:3 | Killed from afar by Arachne

Illustrated notes

Levels and vault maps discovered:
D:1:      scummos_arrival_gate, layout_basic, shapermc_ecumenical_altar_pompeii,
          serial_bayou_crossing
D:2:      layout_basic
D:3:      layout_basic, nicolae_ashenzari_panopticon,
          nicolae_overflow_crystal_walls, minmay_misc_feat_enclosed,
          chequers_serial_rivers_micro_b, uniq_grinder
D:4:      layout_layer_cave, uniq_duvessa, uniq_ijyb
D:5:      layout_basic, lemuel_doored_altar, minmay_temple_entry_statues_pillars
D:6:      layout_rooms, nicolae_specific_store
D:7:      layout_basic
D:8:      layout_basic, mainiacjoe_overflow_alcove_1,
          mainiacjoe_overflow_surrounded_room
D:9:      layout_loops_corners, kennysheep_okawaru_gauntlet,
          lemuel_coloured_pillars_altar, david_orc_4, serial_shops, shop,
          nicolae_diamond_shop, nicolae_take_the_stairs, uniq_harold
D:10:     layout_layer_cave, glass_columns_a, minivault_19, uniq_maggie
D:11:     layout_loops_cross, grunt_lair_entry_orc_guard_hut, uniq_josephine
D:12:     minmay_cut_squares, layout_basic
Lair:1:   layout_regular_city, serial_bayou_shore_b, grunt_megastairs_1,
          uniq_nergalle, uniq_fannar, uniq_amaemon
Lair:2:   nzn_winding_woodlands_stair_trap [nzn_winding_woodlands_5x15_crooked,
          nzn_winding_woodlands_5x15_cabin,
          nzn_winding_woodlands_5x15_concentric,
          nzn_winding_woodlands_15x15_five_gardens,
          nzn_winding_woodlands_5x15_jagged, nzn_winding_woodlands_5x15_default,
          nzn_winding_woodlands_5x15_sawtooth], layout_regular_city,
          lemuel_fruit_tree
Lair:3:   layout_small_grid, shoals_dummy_entry, spider_nest_entry_a,
          serial_bayou_pond_d, grunt_megastairs_4
Lair:4:   layout_long_grid, cheibrodos_lair_lostbears, grunt_megastairs_2,
          infiniplex_staircase_pool_2
Lair:5:   layout_regular_city, dpeg_slime_entry_enclosed_altar,
          nzn_ghost_randoct
Lair:6:   gammafunk_lair_ancient_temple, layout_cellular_growth, st_stairs_4
Spider:1: layout_spider_delve
Spider:2: layout_spider_delve
Spider:3: layout_spider_delve, uniq_roxanne, uniq_arachne
Orc:1:    layout_caves, serial_shops, nicolae_shop_hallway_plus,
          nicolae_shop_statue_plus, basic_altar
Orc:2:    st_orc_pillars, layout_diamond_mine, serial_shops,
          nicolae_shop_hallway_plus, nicolae_shop_hallway_stairs, shop
Elf:1:    minmay_elf_arrival_summoners, layout_loops_corners, serial_shops,
          nicolae_shop_bloodbath_and_beyond, mu_enter_wizlab_2, minivault_28
Elf:2:    nicolae_elf_blades_splatter_lattice [nicolae_blade_bullseye],
          layout_rooms, serial_sigils, serial_sigils_hangedman_scar,
          serial_sigils_hangedman_writhe, serial_sigils_hangedman_clutch,
          serial_shops, nicolae_shop_trees

Skill      XL: |  1  2  3  4  5  6  7  8  9 10 11 12 13 14 15 |
---------------+----------------------------------------------+-----
Long Blades    | 2 3 4 5 6 7 9 10 12 13 14 17 19 | 19.9
Fighting       | 3 5 7 8 9 10 | 10.9
Stealth        | 2 |  2.0
Evocations     | 2 5 7 |  7.4
Armour         | 3 5 7 |  7.8
Spellcasting   | 2 3 |  3.0
Conjurations   | 3 |  3.0
Necromancy     | 6 10 | 10.3
Shields        | |  2.6

Action                   |  1- 3 |  4- 6 |  7- 9 | 10-12 | 13-15 || total
-------------------------+-------+-------+-------+-------+-------++-------
Melee: Long sword        |   132 |   198 |   270 |    71 |       ||   671
       Whip              |       |     2 |       |       |       ||     2
       Short sword       |       |       |    24 |   165 |    29 ||   218
       Scimitar          |       |       |       |   559 |       ||   559
       Triple sword      |       |       |       |    34 |  1075 ||  1109
       Punch             |       |       |       |       |     4 ||     4
       Rapier            |       |       |       |       |    71 ||    71
 Fire: Hunting sling     |       |       |       |     3 |       ||     3
Throw: Stone             |     3 |    11 |     3 |     1 |       ||    18
       Boomerang         |       |     9 |    24 |     9 |    30 ||    72
       Dart              |       |       |     3 |    24 |     1 ||    28
       Javelin           |       |       |       |     9 |       ||     9
 Cast: Animate Skeleton  |       |       |       |       |     2 ||     2
       Mephitic Cloud    |       |       |       |       |     7 ||     7
Evoke: Wand              |       |       |     1 |    12 |     3 ||    16
       Lightning rod     |       |       |       |       |     1 ||     1
  Use: Potion            |       |     1 |       |     2 |    14 ||    17
       Scroll            |       |     3 |     4 |    12 |    24 ||    43
 Stab: Distracted        |       |       |     1 |     1 |     4 ||     6
       Sleeping          |       |       |       |     1 |     2 ||     3
       Petrified         |       |       |       |       |     4 ||     4
       Confused          |       |       |       |       |     3 ||     3
Armor: Scale mail        |    27 |       |       |   457 |   520 ||  1004
       Chain mail        |    44 |   104 |    61 |       |   139 ||   348
       Steam dragon scal |       |       |    41 |    24 |   309 ||   374
Dodge: Dodged            |    53 |    46 |   102 |   242 |   555 ||   998
Block: Buckler           |    30 |    36 |    64 |   160 |       ||   290

Table legend: (Time is in decaauts)
 A = Elapsed time spent in this place.
 B = Non-inter-level travel time spent in this place.
 C = Inter-level travel time spent in this place.
 D = Time resting spent in this place.
 E = Time spent auto-exploring this place.
 F = Levels seen in this place.
 G = Mean time per level.
                   A        B        C        D        E       F      G
               +--------+--------+--------+--------+--------+-----+--------+
         Total |  30092 |  27087 |   3005 |   3537 |  12894 |  26 | 1157.4 |
       Dungeon |  15539 |  13473 |   2066 |   1625 |   6749 |  12 | 1294.9 |
          Lair |   7522 |   6962 |    560 |    507 |   3487 |   6 | 1253.7 |
   Spider Nest |   3315 |   3060 |    255 |    764 |   1386 |   3 | 1105.0 |
  Orcish Mines |   1804 |   1753 |     51 |    255 |    568 |   2 |  902.0 |
   Elven Halls |   1603 |   1531 |     72 |    251 |    680 |   2 |  801.5 |
         Abyss |    307 |    307 |      0 |    134 |     24 |   1 |  307.0 |
               +--------+--------+--------+--------+--------+-----+--------+

Top non-repeatable levels by time:
     D:3: 1901 daAuts
Spider:1: 1874 daAuts
     D:5: 1682 daAuts
     D:9: 1654 daAuts
  Lair:6: 1644 daAuts
   Orc:2: 1547 daAuts
   Elf:1: 1531 daAuts
     D:2: 1515 daAuts
     D:1: 1477 daAuts
  Lair:2: 1456 daAuts
    D:10: 1392 daAuts
  Lair:5: 1353 daAuts
     D:8: 1249 daAuts
Spider:2: 1178 daAuts
  Lair:1: 1167 daAuts
